 Dungeon Crawl Stone Soup version 0.21-a0-283-g622b906 (webtiles) character file.

5 nono the Charmwright (level 1, 0/18 HPs)
             Began as a Gnoll Skald on Sept 24, 2017.
             Slain by an adder (2 damage)
             ... on level 2 of the Dungeon.
             The game lasted 00:02:31 (174 turns).

nono the Charmwright (Gnoll Skald)                   Turns: 174, Time: 00:02:32

Health: 0/18       AC:  5    Str:  7    XL:     1   Next: 80%
Magic:  1/4        EV: 10    Int:  7    God:
Gold:   58         SH:  0    Dex:  7    Spells: 5/6 levels left

rFire    . . .     SeeInvis .   a - +0 falchion
rCold    . . .     Gourm    .   (no shield)
rNeg     . . .     Faith    .   i - +0 ring mail
rPois    .         Spirit   .   (no helmet)
rElec    .         Reflect  .   (no cloak)
rCorr    .         Harm     .   (no gloves)
MR       .....                  (no boots)
Stlth    ..........             (no amulet)
HPRegen  0.06/turn              h - ring of loudness (curse)
MPRegen  0.09/turn              (no ring)

@: infused (expiring), very slightly contaminated
A: unchanging attributes, fangs 1, strong nose
a: no special abilities


You were on level 2 of the Dungeon.
You were not hungry.

You visited 1 branch of the dungeon, and saw 2 of its levels.

You collected 58 gold pieces.

Inventory:

Hand Weapons
 a - a +0 falchion (weapon)
Armour
 b - a +0 leather armour
 i - a +0 ring mail (worn)
Jewellery
 h - a cursed ring of loudness (left hand)
Scrolls
 e - a scroll of noise {unknown}
 g - 3 scrolls of teleportation {unknown}
Books
 c - a book of Battle

   Spells                             Type                      Level
   a - Infusion                       Charms                       1
   b - Shroud of Golubria             Charms/Translocation         2
   c - Song of Slaying                Charms                       2
   d - Spectral Weapon                Hexes/Charms                 3
   e - Regeneration                   Charms/Necromancy            3
Comestibles
 d - a bread ration
 f - a chunk of flesh


   Skills:
 + Level 3.1 Fighting
 + Level 3.1 Long Blades
 - Level 1.3 Armour
 - Level 2.6 Dodging
 - Level 3.0 Spellcasting
 - Level 4.0 Charms


You had 5 spell levels left.
You knew the following spells:

 Your Spells              Type           Power        Failure   Level  Hunger
a - Infusion              Chrm           #...         22%         1    ##.....


Dungeon Overview and Level Annotations

Branches:
Dungeon (2/15)

Altars:


Innate Abilities, Weirdness & Mutations

Your physical attributes are unchanging.
You have very sharp teeth.
Your uncanny sense of smell can sniff out nearby items.


Message History

The adder bites you but does no damage. x2
You closely miss the adder.
The adder is severely wounded.
Your magical infusion is running out.
The adder barely misses you.
You closely miss the adder.
The adder is severely wounded.
The adder bites you. The adder bites you but does no damage.
You barely miss the adder.
The adder is severely wounded.
The adder bites you but does no damage.
You miss the adder.
The adder is severely wounded.
The adder bites you.
* * * LOW HITPOINT WARNING * * *
The adder bites you but does no damage.
You closely miss the adder.
The adder is severely wounded.
The adder bites you.
You die...

#........# #.##........#
#.##........####
#...............
#.##........######
#.##..†.....'.#..
#.##........#.#.#
###.##........#S#.#####.
.....'........#.@.......
###.##........#.#.#####+
#...#.........#.....
#.#.#.##.....#........
#.#....+.....+..........
#.#.#.##.....#..........
#.#.#.##.....#..........
#.#.#.##.....#.. +#####.
#.#.#.##.....+


You could see an adder.

Vanquished Creatures
  A ball python (D:2)
  2 bats
  A kobold (D:1)
  A rat (D:1)
5 creatures vanquished.

Notes
Turn   | Place    | Note
-------+----------+-------------------------------------------
     0 | D:1      | nono the Gnoll Skald began the quest for the Orb.
     0 | D:1      | Reached XP level 1. HP: 17/17 MP: 4/4
   174 | D:2      | Slain by an adder

Vault maps used:
D:1:      minmay_arrival_hallway, serial_bayou_ford_a
D:2:      uniq_natasha

Skill      XL: |  1 |
---------------+----+-----
Fighting       | 3 |  3.1
Long Blades    | 3 |  3.1
Armour         | |  1.3
Dodging        | |  2.6
Spellcasting   | |  3.0
Charms         | |  4.0

Action                   || total
-------------------------++-------
Melee: Falchion          ||    21
 Cast: Infusion          ||     3
Armor: Leather armour    ||    11
       Ring mail         ||     9
Dodge: Dodged            ||    12
       Rpst.: Falchion   ||     5

Table legend:
 A = Spawn XP
 B = Non-spawn XP
 C = Spawn XP percentage of total XP
 D = Spawn monster count
 E = Non-spawn monster count
 F = Spawn count percentage of total count
 G = Total turns spent on level
                    A         B        C        D         E        F      G
               +---------+---------+-------+---------+---------+-------+---------
         Total |       0 |       8 |   0.0 |       0 |       5 |   0.0 |   174
               +---------+---------+-------+---------+---------+-------+---------
           D:1 |       0 |       4 |   0.0 |       0 |       3 |   0.0 |    82
           D:2 |       0 |       4 |   0.0 |       0 |       2 |   0.0 |    92
               +---------+---------+-------+---------+---------+-------+---------
